 Dungeon Crawl Stone Soup version 0.20.1-1-g8b1a95d (webtiles) character file.

37 Linguinho the Chucker (level 3, -4/33 HPs)
             Began as a Troll Hunter on Nov 14, 2017.
             Killed from afar by Sigmund (5 damage)
             ... with a magic dart
             ... on level 2 of the Dungeon.
             The game lasted 00:00:51 (215 turns).

Linguinho the Chucker (Troll Hunter)                 Turns: 215, Time: 00:00:51

Health: -4/33      AC:  5    Str: 21    XL:     3   Next: 23%
Magic:  2/2        EV: 10    Int:  7    God:
Gold:   20         SH:  0    Dex: 10    Spells: 2/2 levels left

rFire    . . .     SeeInvis .   (no weapon)
rCold    . . .     Gourm    +   (no shield)
rNeg     . . .     Faith    .   b - +0 robe
rPois    .         Spirit   .   (helmet restricted)
rElec    .         Reflect  .   (no cloak)
rCorr    .         Harm     .   (gloves unavailable)
MR       .....                  (boots unavailable)
Stlth    +.........             (no amulet)
Regen    0.6/turn               a - ring of flight
MPRegen  0.1/turn               (no ring)

@: confused, lethally poisoned (-4 -> -5)
A: unfitting armour, claws 3, fast metabolism 3, gourmand, regeneration 1,
shaggy fur 1, tough skin 2
a: Evoke Flight


You were on level 2 of the Dungeon.
You were full.

You visited 1 branch of the dungeon, and saw 2 of its levels.

You collected 20 gold pieces.

Inventory:

Hand Weapons
 e - a +0 whip
Missiles
 c - 5 large rocks (quivered)
 d - 2 throwing nets
Armour
 b - a +0 robe (worn)
Jewellery
 a - a ring of flight (left claw)
Scrolls
 g - a scroll of teleportation {unknown}
 h - a scroll of fear {unknown}
Comestibles
 f - 2 bread rations


   Skills:
 + Level 1.6 Fighting
 * Level 0.6 Maces & Flails
 * Level 4.4 Throwing
 + Level 1.6 Dodging
 + Level 0.4 Stealth


You had 2 spell levels left.
You didn't know any spells.

Dungeon Overview and Level Annotations

Branches:
Dungeon (1/15)

Altars:

Annotations:
D:2 Sigmund


Innate Abilities, Weirdness & Mutations

You are too large for most types of armour.
You have claws for hands.
Your metabolism is lightning-fast.
You like to eat raw meat.
Your natural rate of healing is unusually fast.
You are covered in fur. (AC +1)
You have very tough skin. (AC +2)


Message History

The magic dart hits you! The adder bites you.
* * * LOW HITPOINT WARNING * * *
You miss the bat.
You feel sick. The bat misses you. The bat hits you but does no damage.
The adder bites you but does no damage. The bat misses you.
The adder misses you.
You bump into the rock wall.
You feel sick. The bat closely misses you.
You hear some strange, mumbled words.
You are more confused.
The adder misses you.
You bump into the rock wall.
The bat barely misses you. x2
The adder bites you but does no damage.
You feel sick. The bat hits you but does no damage.
The adder barely misses you. Something hits you!
* * * LOW HITPOINT WARNING * * *
You miss something. The bat closely misses you.
The bat hits you but does no damage. The adder closely misses you.
You hear some strange, mumbled words.
A magic dart appears from out of thin air!
The magic dart hits you!
You die...

######## ##...... #......#
#......# ####......##
#.......##.#######
#.....b.##.......#
#.....@S##.#####.#
#........#.#...#'######
#........#.#.#.........
#........#.#.#.........
...........#.#.#....รท....
.?...#.##.##.#.#.#.######
(.?..+..................
.....####..#.#.###.######
.... ##.#.#.....#


You could see an adder and a bat.

Vanquished Creatures
  Jessica (D:2)
  A leopard gecko (D:1)
  2 bats (D:2)
  A giant cockroach (D:1)
  A goblin (D:2)
  A hobgoblin (D:1)
  2 frilled lizards (D:1)
  2 kobolds (D:1)
11 creatures vanquished.

Notes
Turn   | Place    | Note
-------+----------+-------------------------------------------
     0 | D:1      | Linguinho the Troll Hunter began the quest for the Orb.
     0 | D:1      | Reached XP level 1. HP: 19/19 MP: 0/0
   100 | D:1      | Reached XP level 2. HP: 27/27 MP: 1/1
   144 | D:1      | You fall through a shaft!
   156 | D:2      | Reached skill level 4 in Throwing
   160 | D:2      | Noticed Jessica
   170 | D:2      | Killed Jessica
   170 | D:2      | Reached XP level 3. HP: 21/33 MP: 2/2
   199 | D:2      | Noticed Sigmund
   214 | D:2      | HP: 1/33 [something (7)]
   215 | D:2      | Killed from afar by Sigmund

Skill      XL: |  1  2 |
---------------+-------+-----
Throwing       | 4 |  4.4
Fighting       | |  1.6
Maces & Flails | |  0.6
Dodging        | |  1.6
Stealth        | |  0.4

Action                   || total
-------------------------++-------
Melee: Unarmed           ||    47
  Eat: Chunk             ||     4
Armor: Robe              ||    38
Dodge: Dodged            ||    42
